 Dungeon Crawl Stone Soup version 0.30-a0-737-gf23d94013f (webtiles) character file.

Game seed: 12028792518143676245

84 jimonade the Magician (level 4, -1/31 HPs)
             Began as a Djinni Fire Elementalist on Feb 3, 2023.
             Slain by a goblin
             ... wielding a +0 club
             ... led by Robin
              (5 damage)
             ... on level 3 of the Dungeon.
             The game lasted 00:04:02 (1777 turns).

jimonade the Magician (Djinni Fire Elementalist)    Turns: 1777, Time: 00:04:03

Health: -1/31      AC:  2    Str: 12    XL:     4   Next: 74%
Gold:   187        EV: 12    Int: 17    God:
                   SH:  0    Dex: 13

rFire   + + .      SeeInvis +    a - +6 spear "Xefoeph" {freeze, Will+ Str+3}
rCold   x . .      Faith    .    (no shield)
rNeg    . . .      Spirit   .    h - +0 robe
rPois   ∞          Reflect  .    (no helmet)
rElec   .          Harm     .    (no cloak)
rCorr   .          Rampage  .    (no gloves)
Will    +....                    (boots unavailable)
Stlth   ++                       (no amulet)
HPRegen 0.25/turn                o - ring of see invisible
MPRegen 0.00/turn                (no ring)

@: flying
A: sickness immunity, fire resistance 2, cold vulnerability 1, float, innate
caster, HP casting, extra vitality 1
a: no special abilities


You were on level 3 of the Dungeon.
You visited 1 branch of the dungeon, and saw 3 of its levels.

You collected 187 gold pieces.

Inventory:

Hand Weapons
 a - the +6 spear "Xefoeph" (weapon) {freeze, Will+ Str+3}
   (You found it on level 2 of the Dungeon)

   Str:       It affects your strength (+3).
   Will:      It increases your willpower.
 s - a +1 dagger of venom
Missiles
 c - 4 silver boomerangs
Armour
 h - a +0 robe (worn)
 j - a +0 plate armour
 k - a +0 leather armour
 l - a +0 ring mail
Jewellery
 o - a ring of see invisible (left hand)
 p - an amulet of faith
Scrolls
 e - 3 scrolls of magic mapping {unknown}
 f - 2 scrolls of identify {unknown}
 m - a scroll of immolation {unknown}
 q - a scroll of enchant weapon {unknown}
 r - a scroll of enchant armour {unknown}
Potions
 b - a potion of magic
 d - a potion of berserk rage {unknown}
 g - a potion of mutation {unknown}
 i - a potion of lignification {unknown}
 n - a potion of heal wounds {unknown}
 t - a potion of curing {unknown}


   Skills:
 * Level 0.3 Fighting
 + Level 2.5 Dodging
 - Level 1.5 Stealth
 * Level 3.8 Spellcasting


You couldn't memorise any spells.
You knew the following spells:

 Your Spells              Type           Power      Damage    Failure   Level
a - Foxfire               Conj/Fire      64%        2x1d7     3%          1
b - Scorch                Fire           32%        2d7       4%          2
c - Kindle Blastsparks    Fire/Tloc/Air  32%        2d12      10%         3
d - Inner Flame           Hex/Fire       16%        N/A       10%         3
e - Flame Wave            Conj/Fire      16%        2d7       32%         4
f - Shock                 Conj/Air       64%        1d7       3%          1
Your spell library was empty.

Dungeon Overview and Level Annotations

Branches:
Dungeon (3/15)

Altars:

Annotations:
D:3 1 runed translucent door, Robin; sircluck's ghost, amateur HOFi


Innate Abilities, Weirdness & Mutations

You are immune to sickness and miasma.
You are immune to poison.
Your flesh is very heat resistant. (rF++)
You are vulnerable to cold. (rC-)
You float through the air rather than walking.
You learn spells naturally, not from books.
Your magical power is your life essence.
You have superior vitality. (+4 MHP)


Message History

Robin says, "My goblins will feast on your bones."
The goblin misses you.
You completely miss the goblin. The goblin completely misses you.
The goblin hits you with a +0 club. x2
A hobgoblin comes into view.
The goblin hits you with a +0 club.
You are too injured to fight recklessly!
You are too injured to fight recklessly!
The goblin hits you with a +0 club.
* * * LOW HITPOINT WARNING * * *
The goblin hits you but does no damage. The goblin closely misses you.
Robin roars a battlecry!
A hobgoblin comes into view.
The goblin attacks as you move away! The goblin closely misses you.
The goblin barely misses you. The goblin attacks as you move away!
The goblin completely misses you. The goblin attacks as you move away!
The goblin hits you but does no damage.
You are too injured to fight recklessly!
You are too injured to fight recklessly!
The goblin attacks as you move away! The goblin closely misses you.
The goblin no longer looks unusually strong.
The goblin no longer looks unusually strong.
The goblin attacks as you move away! The goblin barely misses you.
The goblin attacks as you move away! The goblin hits you with a +0 club.
* * * LOW HITPOINT WARNING * * *
The goblin attacks as you move away! The goblin hits you with a +0 club.
* * * LOW HITPOINT WARNING * * *
The goblin no longer looks unusually strong.
The hobgoblin no longer looks unusually strong.
The goblin no longer looks unusually strong.
The goblin attacks as you move away! The goblin hits you but does no damage.
Robin roars a battlecry!
The goblins go into a battle-frenzy!
Robin roars a battlecry!
The goblin attacks as you move away! The goblin hits you with a +0 club.
* * * LOW HITPOINT WARNING * * *
There is a stone staircase leading up here.
The goblin hits you with a +0 club.
You die...

## ... .... ....
####...# #############
##.....#
.......@gg..####.....###
#########gg.............
#......g.........##
.....####.........#
..#### #.g)....#### #
#.......+FSW
###.....#### ##g....##
##.....##


You could see 2 hobgoblins and 4 goblins.

Vanquished Creatures
  Jessica (D:3)
  2 adders (D:2)
  A dart slug (D:1)
  4 ball pythons
  2 bats
  2 endoplasms (D:2)
  A giant cockroach (D:2)
  6 goblins
  2 hobgoblins (D:2)
  3 jackals (D:2)
  6 kobolds
  A quokka (D:1)
  3 frilled lizards
  5 rats
39 creatures vanquished.

Vanquished Creatures (others)
  79 foxfires
79 creatures vanquished.

Grand Total: 118 creatures vanquished

Notes
Turn   | Place    | Note
-------+----------+-------------------------------------------
     0 | D:1      | jimonade the Djinni Fire Elementalist began the quest for
                  | the Orb.
     0 | D:1      | jimonade set off with the following spells memorised:
                  | Foxfire, Scorch, Kindle Blastsparks, Inner Flame, Flame
                  | Wave.
     0 | D:1      | Reached XP level 1. HP: 15/15 MP: 0/0
   326 | D:1      | Reached XP level 2. HP: 19/21 MP: 0/0
   785 | D:2      | Reached skill level 3 in Spellcasting
   785 | D:2      | Reached XP level 3. HP: 24/25 MP: 0/0
   785 | D:2      | Learned a level 1 spell: Shock
   885 | D:2      | Found a faded altar of an unknown god.
  1285 | D:2      | Reached XP level 4. HP: 31/31 MP: 0/0
  1570 | D:2      | Identified the +6 spear "Xefoeph" {freeze, Will+ Str+3}
  1705 | D:3      | Noticed Jessica
  1710 | D:3      | Found a runed translucent door.
  1713 | D:3      | Noticed a bullfrog
  1723 | D:3      | Killed Jessica
  1726 | D:3      | Noticed sircluck's ghost (amateur HOFi)
  1751 | D:3      | Identified the +0 helmet "Vidopt" {rElec}
  1751 | D:3      | Noticed Robin
  1777 | D:3      | Slain by a goblin

Illustrated notes

Levels and vault maps discovered:
D:1:      saegor_arrival_fortress, layout_loops_ring, solitary_fountain
D:2:      layout_basic, ebering_ecumenical_altar_box
D:3:      layout_rooms, amcnicky_altar_gilded, ebering_ghost_sewer_d,
          kennysheep_boxes, uniq_terence, uniq_robin, uniq_jessica

Skill      XL: |  1  2 |
---------------+-------+-----
Spellcasting   | 3 |  3.8
Fighting       | |  0.3
Dodging        | |  2.5
Stealth        | |  1.5

Action                     |  1- 3 |  4- 6 || total
---------------------------+-------+-------++-------
  Melee: Dagger            |    12 |     1 ||    13
         Spear             |       |    25 ||    25
   Cast: Foxfire           |    48 |     3 ||    51
   Stab: Sleeping          |       |     2 ||     2
 Armour: Robe              |     3 |     9 ||    12
  Dodge: Dodged            |    14 |    19 ||    33

Table legend: (Time is in decaauts)
 A = Elapsed time spent in this place.
 B = Non-inter-level travel time spent in this place.
 C = Inter-level travel time spent in this place.
 D = Time resting spent in this place.
 E = Time spent auto-exploring this place.
 F = Levels seen in this place.
 G = Mean time per level.
                   A        B        C        D        E       F      G
               +--------+--------+--------+--------+--------+-----+--------+
         Total |   1777 |   1662 |    115 |      0 |   1315 |   3 |  592.3 |
       Dungeon |   1777 |   1662 |    115 |      0 |   1315 |   3 |  592.3 |
               +--------+--------+--------+--------+--------+-----+--------+

Top non-repeatable levels by time:
     D:2: 941 daAuts
     D:1: 761 daAuts
     D:3: 74 daAuts
